 Dungeon Crawl Stone Soup version 0.30-a0-883-g5ad918d77d (webtiles) character file.

Game seed: 6450097121658149767

5002 Sanktem7 the Cleaver (level 10, -8/89 (91) HPs)
             Began as a Minotaur Fighter on Mar 16, 2023.
             Mangled by a wight
             ... wielding a +0 great sword
              (11 damage)
             ... on level 9 of the Dungeon.
             The game lasted 00:18:27 (8316 turns).

Sanktem7 the Cleaver (Minotaur Fighter)             Turns: 8316, Time: 00:18:28

HP:   -8/89 (91)    AC: 16    Str: 24    XL:     10   Next: 29%
MP:   0/9           EV:  6    Int:  5    God:
Gold: 666           SH: 12    Dex: 11    Spells: 9/9 levels left

rFire   . . .      SeeInvis .    a - +0 war axe
rCold   . . .      Faith    .    v - +2 kite shield {reflect}
rNeg    . . .      Spirit   +    x - +0 plate armour
rPois   .          Reflect  +    (helmet restricted)
rElec   .          Rampage  .    (no cloak)
rCorr   .                        z - +0 pair of gloves
Will    .....                    f - +0 pair of boots Stlth
                                 l - amulet of guardian spirit
HPRegen 0.34/turn                r - +4 ring of slaying
MPRegen 0.11/turn                (no ring)

@: lightly drained
A: horns 2, retaliatory headbutt
a: no special abilities


You were on level 9 of the Dungeon.
You visited 2 branches of the dungeon, and saw 10 of its levels.
You also visited: Sewer and Bailey.

You collected 666 gold pieces.

Inventory:

Hand Weapons
 a - a +0 war axe (weapon)
 k - a +1 hand axe of flaming
Missiles
 B - a throwing net (quivered)
Armour
 f - a +0 pair of boots (worn)
 v - a +2 kite shield of reflection (worn)
 x - a +0 plate armour (worn)
 z - a +0 pair of gloves (worn)
Jewellery
 l - an amulet of guardian spirit (around neck)
 r - a +4 ring of slaying (left hand)
 A - an amulet of faith
Wands
 c - a wand of acid (6)
 e - a wand of mindburst (20)
Scrolls
 b - 3 scrolls of amnesia
 g - 7 scrolls of teleportation
 i - 4 scrolls of blinking
 m - 2 scrolls of magic mapping
 o - a scroll of immolation
 q - a scroll of vulnerability
 w - a scroll of enchant weapon {unknown}
 y - a scroll of enchant armour {unknown}
 C - a scroll of identify
Potions
 d - 7 potions of might
 h - 2 potions of attraction
 j - 2 potions of berserk rage
 n - 7 potions of curing
 p - a potion of haste
 s - a potion of brilliance {unknown}
 t - a potion of heal wounds {unknown}
 u - 5 potions of degeneration {unknown}
 D - a potion of flight {unknown}


   Skills:
 + Level 9.0 Fighting
 * Level 11.7 Axes
 + Level 9.0 Armour
 + Level 9.0 Shields


You had 9 spell levels left.
You didn't know any spells.
Your spell library contained the following spells:

 Spells                   Type           Power      Damage    Failure   Level
 Apportation              Tloc           0%         N/A       100%        1
 Shock                    Conj/Air       0%         1d3       100%        1
 Static Discharge         Conj/Air       0%         2-2/arc   100%        2
 Summon Guardian Golem    Hex/Summ       0%         N/A       100%        3
 Swiftness                Air            0%         N/A       100%        3
 Vhi's Electric Charge    Tloc/Air       0%         N/A       100%        3
 Airstrike                Air            0%         2d(0-16)  100%        4
 Summon Lightning Spire   Summ/Air       0%         N/A       100%        4
 Alistair's Intoxication  Tmut/Pois      0%         N/A       100%        5
 Arcjolt                  Conj/Air       0%         1d10      100%        5
 Lightning Bolt           Conj/Air       0%         1d11      100%        5
 Summon Forest            Summ/Tloc      0%         N/A       100%        5
 Summon Mana Viper        Hex/Summ       0%         N/A       100%        5
 Summon Cactus Giant      Summ           0%         N/A       100%        6
 Orb of Destruction       Conj           0%         9d5       100%        7
 Spellforged Servitor     Conj/Summ      0%         N/A       100%        7


Dungeon Overview and Level Annotations

Branches:
Dungeon (9/15)             Temple (1/1) D:5           Sewer (visited)
 Bailey (visited)
   Lair: D:8-11         Orc: D:9-12

Altars:
Ashenzari
Cheibriados
Dithmenos
Elyvilon
Fedhas
Gozag
Hepliaklqana
Kikubaaqudgha
Makhleb
Nemelex Xobeh
Qazlal
Ru
Sif Muna
Trog
Uskayaw
Vehumet
Wu Jian
Yredelemnul
Zin
The Shining One


Innate Abilities, Weirdness & Mutations

You have a pair of horns on your head.
You reflexively headbutt those who attack you in melee.


Message History

You hit Grum.
Grum is severely wounded.
A wight comes into view. It is wielding a +0 great sword.
Grum hits you but does no damage.
You closely miss Grum.
Grum is severely wounded.
You block Grum's attack.
You hit Grum but do no damage. Your headbutt misses Grum.
Grum is severely wounded.
Grum hits you with a -2 glaive!
* * * LOW HITPOINT WARNING * * *
You slash Grum!
Grum is almost dead.
You block Grum's attack.
You closely miss Grum. Your headbutt misses Grum.
Grum is almost dead.
Grum hits you with a -2 glaive.
* * * LOW HITPOINT WARNING * * *
A wight comes into view. It is wielding a +2 great sword.
Grum hits you but does no damage.
You hit Grum.
You kill Grum!
You hit the wight. The wight hits you with a +0 scimitar.
Your Fighting skill increases to level 9!
You barely miss the wight. You closely miss the wight.
The wight hits you but does no damage.
The wight hits you with a +0 great sword.
* * * LOW HITPOINT WARNING * * *
You feel drained.
* * * LOW HITPOINT WARNING * * *
You closely miss the wight. You headbutt the wight.
The wight is moderately damaged.
You hit the wight but do no damage. You block the wight's attack.
The wight hits you with a +0 scimitar.
* * * LOW HITPOINT WARNING * * *
You slash the wight!
The wight is severely damaged.
You barely miss the wight. You block the wight's attack.
The wight hits you with a +0 great sword!
You die...

######..~###~≈≈≈###
.##......≈≈≈≈≈≈≈≈≈ ..
.##......≈≈≈≈≈≈≈≈ ...
.##.....~###≈≈≈~###≈.
.##.....#...#~~#...#
.##.....#.⌠.#..#.⌠.# .
.##.....#...#..#...# ...
#####'#..###....###...##
.<..............@z.z....
.............#..†z##....
......###....#....# .
......# #....#....#
......###....#....#
.............#....#
..................#
..................#
..........


You could see 3 wights.

Vanquished Creatures
  Maggie (D:6)
  A hornet (D:9)
  6 yaks (D:8)
  Grum (D:9)
  A steam dragon (D:7)
  Duvessa (D:7)
  7 orc warriors
  A black bear (D:4)
  An ogre (D:3)
  2 sky beasts
  2 wolves (D:9)
  3 centaurs
  A phantom (D:3)
  2 bullfrogs (D:8)
  2 gnoll sergeants
  A wight (D:7)
  Dowan (D:7)
  10 killer bees
  A howler monkey (D:5)
  A hound (D:5)
  12 orc wizards
  4 sleepcaps
  4 iguanas
  20 gnolls
  10 adders
  2 river rats
  2 adder skeletons (D:2)
  2 worms (D:3)
  3 dart slugs
  40 orcs
  12 ball pythons
  A bat zombie (D:2)
  5 endoplasms
  4 giant cockroaches
  12 goblins
  7 hobgoblins
  3 quokkas
  2 ball python zombies (D:2)
  7 bats
  4 frilled lizards
  5 kobolds
  5 rats
212 creatures vanquished.

Vanquished Creatures (others)
  3 withered plants (D:2)
3 creatures vanquished.

Grand Total: 215 creatures vanquished

Notes
Turn   | Place    | Note
-------+----------+-------------------------------------------
     0 | D:1      | Sanktem7 the Minotaur Fighter began the quest for the Orb.
     0 | D:1      | Reached XP level 1. HP: 19/19 MP: 0/0
   171 | D:1      | Reached XP level 2. HP: 27/27 MP: 1/1
   207 | D:1      | Reached skill level 3 in Axes
   856 | D:2      | Reached XP level 3. HP: 26/33 MP: 2/2
  1214 | D:2      | Reached XP level 4. HP: 40/40 MP: 3/3
  1512 | D:3      | Reached skill level 4 in Axes
  1665 | D:3      | Noticed a phantom
  1674 | D:3      | Killed a phantom
  1675 | D:3      | Reached XP level 5. HP: 43/47 MP: 4/4
  1682 | D:3      | Found a glowing drain.
  1700 | Sewer    | Entered a sewer
  2143 | D:3      | You fall into a shaft and drop 1 floor!
  2144 | D:4      | Noticed a black bear
  2146 | D:4      | Killed a black bear
  2147 | D:4      | Reached skill level 5 in Axes
  2147 | D:4      | Reached XP level 6. HP: 55/55 MP: 5/5
  2171 | D:4      | Reached skill level 5 in Fighting
  2175 | D:4      | Reached skill level 5 in Armour
  2175 | D:4      | Reached skill level 5 in Shields
  3045 | D:3      | Reached skill level 6 in Axes
  3045 | D:3      | Reached XP level 7. HP: 20/61 MP: 6/6
  3222 | D:5      | Entered Level 5 of the Dungeon
  3344 | D:5      | Found a staircase to the Ecumenical Temple.
  3965 | D:6      | Reached skill level 7 in Axes
  4138 | D:6      | Reached XP level 8. HP: 66/70 MP: 5/7
  4259 | D:6      | Noticed Maggie
  4274 | D:6      | Killed Maggie
  4275 | D:6      | Reached skill level 8 in Axes
  5137 | D:7      | Found a hazy altar of Hepliaklqana.
  5213 | D:7      | Noticed Dowan
  5214 | D:7      | Noticed Duvessa
  5228 | D:7      | Killed Duvessa
  5228 | D:7      | Killed Dowan
  5361 | D:7      | Found a flagged portal.
  5384 | D:7      | Reached skill level 9 in Axes
  5417 | Bailey   | Entered a bailey
  5432 | Bailey   | Reached XP level 9. HP: 28/79 MP: 3/8
  6521 | D:7      | Found an ornate altar of the Wu Jian Council.
  6595 | D:7      | Reached skill level 10 in Axes
  6892 | D:8      | Found a sparkling altar of Nemelex Xobeh.
  7388 | D:8      | Reached skill level 11 in Axes
  7394 | D:8      | Reached XP level 10. HP: 14/90 MP: 1/9
  7403 | D:8      | HP: 4/90 [yak (6)]
  7884 | Temple   | Entered the Ecumenical Temple
  7884 | Temple   | Found a transporter.
  7884 | Temple   | Found a transporter.
  7886 | Temple   | Found a transporter.
  7886 | Temple   | Found a transporter.
  8292 | D:9      | Noticed Grum
  8313 | D:9      | Killed Grum
  8314 | D:9      | HP: 4/89 [wight/+0 great sword (2)]
  8316 | D:9      | Mangled by a wight

Illustrated notes

Levels and vault maps discovered:
D:1:      scummos_arrival_gate, layout_basic
D:2:      layout_loops_ring, serial_undead, serial_undead_b, serial_undead_b,
          serial_undead_e, serial_undead_a, serial_undead_d, serial_undead_f
D:3:      layout_basic, portal_sewer_entry_b
D:4:      layout_rooms
D:5:      layout_loops_cross, minmay_temple_entry_ruins
D:6:      layout_basic, nicolae_nh_ransacked_shop, uniq_maggie
D:7:      layout_basic, nzn_hepliaklqana_mist_gate, marbit_many_paths, tgw_xom,
          enter_bailey_2, chequers_serial_rivers_large_a, uniq_duvessa
D:8:      layout_basic, mainiacjoe_overflow_alcove_2
D:9:      layout_stronghold, chequers_serial_rivers_micro_c, fountainhead,
          uniq_grum
Temple:   hellmonk_temple_divided_pantheon

Skill      XL: |  1  2  3  4  5  6  7  8  9 10 |
---------------+-------------------------------+-----
Axes           | 3 4 5 6 7 9 11 | 11.7
Fighting       | 4 5 6 7 8 9 |  9.0
Armour         | 4 5 6 7 8 9 |  9.0
Shields        | 4 5 6 7 8 9 |  9.0

Action                     |  1- 3 |  4- 6 |  7- 9 | 10-12 || total
---------------------------+-------+-------+-------+-------++-------
  Melee: War axe           |    91 |   132 |   301 |    61 ||   585
         Headbutt          |     8 |    20 |    60 |    12 ||   100
    Use: Scroll            |       |       |    11 |       ||    11
 Armour: Chain mail        |    64 |    65 |       |       ||   129
         Plate armour      |       |       |   200 |    41 ||   241
  Dodge: Dodged            |    47 |    25 |    93 |    18 ||   183
  Block: Buckler           |    22 |    34 |    71 |       ||   127
         Kite shield       |       |       |    64 |    53 ||   117
         Reflection        |       |       |     1 |       ||     1

Table legend: (Time is in decaauts)
 A = Elapsed time spent in this place.
 B = Non-inter-level travel time spent in this place.
 C = Inter-level travel time spent in this place.
 D = Time resting spent in this place.
 E = Time spent auto-exploring this place.
 F = Levels seen in this place.
 G = Mean time per level.
                   A        B        C        D        E       F      G
               +--------+--------+--------+--------+--------+-----+--------+
         Total |   8495 |   8210 |    285 |    541 |   5952 |  12 |  707.9 |
       Dungeon |   7174 |   6889 |    285 |    244 |   5234 |   9 |  797.1 |
        Temple |     35 |     35 |      0 |      0 |      6 |   1 |   35.0 |
         Sewer |    427 |    427 |      0 |      0 |    340 |   1 |  427.0 |
        Bailey |    858 |    858 |      0 |    297 |    371 |   1 |  858.0 |
               +--------+--------+--------+--------+--------+-----+--------+

Top non-repeatable levels by time:
     D:6: 1166 daAuts
     D:8: 1063 daAuts
     D:7: 950 daAuts
  Bailey: 858 daAuts
     D:1: 836 daAuts
     D:3: 811 daAuts
     D:5: 730 daAuts
     D:2: 658 daAuts
     D:4: 611 daAuts
   Sewer: 427 daAuts
     D:9: 346 daAuts
  Temple: 35 daAuts
